 Dungeon Crawl Stone Soup version 0.21.1-1-g345015fe64 (webtiles) character file.

1349556 Kejsarherre the Axe Maniac (level 27, -3/409 HPs)
             Began as a Minotaur Berserker on May 6, 2018.
             Was the Champion of the Shining One.
             Slain by an emperor scorpion (16 damage)
             ... summoned by a greater mummy
             ... on level 3 of the Tomb of the Ancients on May 8, 2018.
             The game lasted 06:16:50 (85904 turns).

Kejsarherre the Axe Maniac (Minotaur Berserker)    Turns: 85904, Time: 06:16:52

Health: -3/409     AC: 33    Str: 25    XL:     27
Magic:  40/47      EV:  2    Int:  6    God:    the Shining One [******]
Gold:   7481       SH:  8    Dex: 18    Spells: 27/68 levels left

rFire    . . .     SeeInvis +   a - +9 executioner's axe of Suicidal Tendencies {speed, MR+}
rCold    . . .     Gourm    .   (shield currently unavailable)
rNeg     + + +     Faith    .   (armour currently unavailable)
rPois    +         Spirit   .   (helmet currently unavailable)
rElec    .         Reflect  +   (cloak currently unavailable)
rCorr    .         Harm     .   (gloves currently unavailable)
MR       ++++.     NoTele   +   (boots currently unavailable)
Stlth    +.........             s - brooch of Shielding {Reflect SH+8}
HPRegen  0.78/turn              u - ring of wizardry
MPRegen  0.30/turn              O - ring of protection from magic

@: tree-form, hasted, glowing, studying 3 skills, very quick
A: (retaliatory headbutt), see invisible, screaming 1
}: 14/15 runes: barnacled, slimy, silver, iron, obsidian, icy, bone, abyssal,
demonic, glowing, magical, fiery, dark, gossamer
a: Divine Shield, Cleansing Flame, Summon Divine Warrior, Brand Weapon With Holy
Wrath, Renounce Religion


You were on level 3 of the Tomb of the Ancients.
You worshipped the Shining One.
The Shining One was exalted by your worship.
You were not hungry.
You were a tree.
You visited 18 branches of the dungeon, and saw 89 of its levels.
You visited Pandemonium 1 time, and saw 19 of its levels.
You visited the Abyss 3 times.
You visited 1 bazaar.
You visited 1 ziggurat, and saw 14 of its levels.
You also visited: Ice Cave, Wizlab and Desolation.

You collected 15604 gold pieces.
You spent 8123 gold pieces at shops.

Inventory:

Hand Weapons
 a - the +9 executioner's axe of Suicidal Tendencies (weapon) {speed, MR+}
   (Trog gifted it to you on level 5 of the Lair of Beasts)

   Attacks with this weapon are significantly faster.
   It affects your resistance to hostile enchantments.
Missiles
 h - 40 javelins of penetration (quivered)
Armour
 d - the +0 pair of gloves of the Moon (melded) {Regen+}
   (You found it on level 1 of the Vaults)

   It increases your rate of regeneration.
 l - +12 gold dragon scales (melded)
 n - the +1 hat "Toyjaohy" (melded) {rF+++ Regen+ rCorr Int-3}
   (You found it on level 3 of the Depths)

   It affects your intelligence (-3).
   It renders you almost immune to fire.
   It increases your rate of regeneration.
   It protects you from acid and corrosion.
 w - a scarf of resistance (melded)
 H - a +2 pair of boots of running (melded)
Magical Staves
 b - an uncursed staff of wizardry
Jewellery
 o - a +4 ring of slaying
 s - the brooch of Shielding (around neck) {Reflect SH+8}
   (You acquired it on level 2 of the Realm of Zot)

   [amulet of reflection]

   It shields you and reflects attacks.
   It affects your SH (+8).
 u - a ring of wizardry (left branch)
 O - a ring of protection from magic (right branch)
 T - an uncursed ring of protection from magic
 V - an uncursed ring of protection from cold
Wands
 m - a wand of scattershot (6)
 y - a wand of digging (80)
 L - a wand of acid (15)
 U - a wand of iceblast (44)
Scrolls
 e - 9 scrolls of fear
 g - 14 scrolls of teleportation
 i - 20 scrolls of remove curse
 j - 5 scrolls of enchant armour
 z - 9 scrolls of identify
 A - 13 scrolls of fog
 F - 4 scrolls of summoning
 J - a scroll of brand weapon
 K - 2 scrolls of amnesia
 Q - 13 scrolls of enchant weapon
 R - 3 scrolls of silence
Potions
 f - 9 potions of mutation
 q - 5 potions of ambrosia
 r - 5 potions of curing
 t - 8 potions of magic
 v - 12 potions of might
 x - 8 potions of brilliance
 E - 12 potions of agility
 G - 7 potions of berserk rage
 I - 2 potions of cancellation
 N - 4 potions of resistance
 P - 3 potions of lignification
 S - 15 potions of flight
Books
 k - a manual of Throwing
 p - a manual of Unarmed Combat
 B - a book of Callings

   Spells                             Type                      Level
   a - Summon Small Mammal            Summoning                    1
   b - Call Imp                       Summoning                    2
   c - Call Canine Familiar           Summoning                    3
   d - Summon Guardian Golem          Hexes/Summoning              3
   e - Summon Lightning Spire         Summoning/Air                4
   f - Summon Ice Beast               Ice/Summoning                4
 D - a manual of Shields
 M - a book of the Warp

   Spells                             Type                      Level
   a - Gell's Gravitas                Translocation                3
   b - Portal Projectile              Hexes/Translocation          3
   c - Force Lance                    Conjuration/Translocation    4
   d - Dispersal                      Translocation                6
   e - Controlled Blink               Translocation                8
   f - Disjunction                    Translocation                8
 Y - a book of the Earth

   Spells                             Type                      Level
   a - Leda's Liquefaction            Hexes/Earth                  4
   b - Bolt of Magma                  Conjuration/Fire/Earth       5
   c - Statue Form                    Transmutation/Earth          6
   d - Iron Shot                      Conjuration/Earth            6
   e - Shatter                        Earth                        9
Miscellaneous
 C - a fan of gales
 X - a lightning rod (4/4)
Comestibles
 c - 41 rations


   Skills:
 O Level 27 Fighting
 O Level 27 Axes
 O Level 27 Armour
 O Level 27 Dodging
 - Level 4.4 Unarmed Combat
 - Level 21.2 Spellcasting
 - Level 10.9 Charms
 - Level 21.9 Translocations
 + Level 11.2 Transmutations
 - Level 11.7 Air Magic
 + Level 13.6 Earth Magic
 - Level 15.0 Invocations
 - Level 10.2 Evocations


You had 27 spell levels left.
You knew the following spells:

 Your Spells              Type           Power        Failure   Level  Hunger
a - Blink                 Tloc           N/A          0%          2    None
b - Song of Slaying       Chrm           ###.....     1%          2    None
c - Passage of Golubria   Tloc           N/A          0%          4    ####...
d - Ignition              Fire           #.........   100%        8    #######
e - Freezing Cloud        Conj/Ice/Air   ##........   52%         6    #######
f - Controlled Blink      Tloc           N/A          2%          8    #######
g - Portal Projectile     Hex/Tloc       ###...       1%          3    ##.....
h - Swiftness             Chrm/Air       ###.....     1%          2    None
i - Statue Form           Tmut/Erth      ###......    1%          6    #######


Dungeon Overview and Level Annotations

Branches:
Dungeon (15/15)            Temple (1/1) D:7            Lair (6/6) D:11
 Shoals (4/4) Lair:3       Spider (4/4) Lair:3        Slime (5/5) Lair:5
    Orc (2/2) D:11            Elf (3/3) Orc:2        Vaults (5/5) D:13
  Crypt (3/3) Vaults:3       Tomb (3/3) Crypt:3      Depths (5/5) D:15
   Hell (1/1)                 Dis (7/7) Hell            Geh (7/7) Hell
    Coc (7/7) Hell            Tar (7/7) Hell            Zot (5/5) Depths:5

Altars:
Ashenzari
Cheibriados
Dithmenos
Elyvilon
Fedhas
Gozag
Hepliaklqana
Kikubaaqudgha
Makhleb
Nemelex Xobeh
Okawaru
Qazlal
Ru
Sif Muna
Uskayaw
Vehumet
Wu Jian
Xom
Yredelemnul
Zin
The Shining One
Beogh
Jiyva
Lugonu

Shops:
D:11 (   D:12 :   D:15 =   Orc:1 *   Orc:2 }([*   Elf:1 !   Elf:2 }=}
Elf:3 (}(}   Shoals:2 (   Vaults:2 [   Vaults:5 ?*=?:}!   Zot:1 *

Portals:
Hell: Depths:1 Depths:2 Depths:3 Depths:4*
Abyss: Depths:2 Depths:4
Pandemonium: Depths:3 Depths:4 Depths:5

Annotations:
D:3 2 transporters
Depths:2 1 exclusion
Depths:3 1 runed door
Coc:7 exclusion: ice statue
Zot:5 exclusion: Orb Guardian


Innate Abilities, Weirdness & Mutations

((You reflexively headbutt those who attack you in melee.))
((You have a pair of horns on your head.))
((You have a beak for a mouth.))
((You are partially covered in icy blue scales. (AC +2)))
You have supernaturally acute eyesight. (SInv)
You occasionally shout uncontrollably at your foes.


Message History

The emperor scorpion barely misses you.
The emperor scorpion claws you but does no damage. x2
Unknown command.
Unknown command.
You slash the greater mummy!
The greater mummy is lightly damaged.
You slice the emperor scorpion!! You hit the emperor scorpion. x2
You hit the emperor scorpion but do no damage.
You feel yourself speed up. The greater mummy hits you!
* * * LOW HITPOINT WARNING * * *
Unknown command.
You feel better.
Your angel hits the emperor scorpion but does no damage. x2
You block the emperor scorpion's attack.
The emperor scorpion claws you but does no damage.
The emperor scorpion claws you.
* * * LOW HITPOINT WARNING * * *
The emperor scorpion stings you!
You die...

#######***** *######*******
..........,*** ###......,,,,,,***
............,*##........,,,,,,,,*
........,.....#s.s......,,,,,,,,,
......!,,......s♣.......,,,,,,,,,
.....#####....A.Ms..####*,,,,,,,,
....##..####.....####*,,**,,,,,,,
z......).####...##**,,,,,,,,,,,,,
..........####φ#***,,,,,,,,,,,**,
##Z.M......####***,,,,,,,,,,****,
##.z.......## **,,,,,,,,,,** *,
##.........# #...(......#* *,
#..M......###........M.* *,


You could see a greater mummy, 4 emperor scorpions and a friendly angel.

Vanquished Creatures
  Cerebov (Pan)
  Antaeus (Coc:7)
  Asmodeus (Geh:7)
  Ereshkigal (Tar:7)
  the Royal Jelly (Slime:5)
  Gloorx Vloq (Pan)
  Ignacio (Pan)
  Lom Lobon (Pan)
  the Serpent of Hell (Dis:7)
  Mnoleg (Pan)
  Khufu (Crypt:2)
  11 ancient liches
  5 pandemonium lords (Pan)
  2 orbs of fire
  Mara (Depths:3)
  3 juggernauts
  Mennas (Pan)
  23 greater mummies
  Sojobo (Depths:5)
  Boris (Vaults:2)
  7 shard shrikes
  Frederick (Crypt:2)
  Saint Roka (Orc:2)
  Bai Suzhen (Depths:1)
  A curse toe (Zot:1)
  Xtahua (Depths:4)
  3 Killer Klowns (Zig:6)
  Geryon (Hell)
  16 golden dragons
  Nikola (Spider:1)
  Jory (Tomb:2)
  2 profane servitors
  15 bone dragons
  9 doom hounds
  31 Tzitzimimeh
  19 Brimstone Fiends
  2 electric golems
  18 liches
  Jorgrun (Vaults:2)
  A hellephant (Pan)
  19 tentacled monstrosities
  17 Ice Fiends
  7 iron giants
  5 Orb Guardians (Zot:5)
  9 Hell Sentinels
  2 deep elf blademasters (Elf:3)
  2 deep elf master archers (Elf:3)
  5 titans
  3 eldritch tentacles (Dis:7)
  15 acid blobs
  8 sphinxes
  4 tentacled starspawn
  21 Executioners
  12 quicksilver dragons
  Gastronok (D:8)
  21 ancient champions
  6 death cobs
  12 storm dragons
  29 shadow dragons
  A draconian monk (Zot:3)
  10 tengu reavers
  Donald (Vaults:2)
  2 nagarajas (Zig:14)
  10 blood saints
  A daeva (Abyss:5)
  13 azure jellies
  11 iron dragons
  Louise (Shoals:1)
  7 revenants
  14 fire giants
  18 balrugs
  6 draconian knights
  7 deep elf sorcerers
  Aizul (Vaults:1)
  17 frost giants
  16 vault wardens
  25 cacodemons
  6 emperor scorpions
  2 imperial myrmidons (Desolation)
  5 ghost moths
  A caustic shrike zombie (Crypt:2)
  7 draconian scorchers
  11 black suns (Pan)
  6 curse skulls
  12 warmongers (Pan)
  A juggernaut zombie (Depths:4)
  2 draconian shifters
  11 ghouls
  A deep elf elementalist (Vaults:5)
  7 draconian stormcallers
  4 spriggan defenders
  23 very ugly things
  5 draconian annihilators
  30 war gargoyles
  8 ironheart preservers
  3 juggernaut skeletons
  59 reapers
  9 green draconians
  14 vampire knights
  5 elemental wellsprings
  4 caustic shrike skeletons
  2 entropy weavers
  15 corrupters (Pan)
  12 lorocyprocas
  15 bennus
  46 stone giants
  9 deep elf annihilators
  7 deep elf demonologists
  3 black draconians
  6 yellow draconians
  A spark wasp (Depths:4)
  6 red draconians
  9 purple draconians
  2 orange crystal statues
  8 white draconians
  Snorg (D:10)
  6 eidola
  2 halazid warlocks (Desolation)
  3 quicksilver dragon zombies
  26 green deaths (Pan)
  19 deep elf death magi
  17 ettins
  26 jiangshi
  3 crystal guardians
  8 merfolk javelineers
  5 death oozes
  35 blizzard demons
  6 ragged hierophants
  17 mummy priests
  6 merfolk impalers
  20 yaktaur captains
  5 deep elf high priests
  4 kraken zombies
  15 fire dragons
  6 servants of whispers (Desolation)
  19 great orbs of eyes
  29 ice dragons
  A spectral shadow dragon (Crypt:3)
  Fannar (Lair:1)
  9 spriggan air magi
  A hell beast (Pan)
  3 quicksilver dragon skeletons
  14 hydras
  5 merfolk avatars
  11 rakshasas
  10 peacekeepers (Desolation)
  10 monstrous demonspawn (Pan)
  39 vault guards
  8 centaur warriors
  A juggernaut simulacrum (Depths:4)
  2 ghost crabs
  4 catoblepae
  8 merfolk aquamancers
  36 two-headed ogres
  A satyr (Zig:13)
  7 ogre magi
  10 death knights
  26 death scarabs
  5 deep troll shamans
  29 dancing weapons
  2 alligators (Zig:12)
  8 death yaks
  An alligator (shapeshifter) (Vaults:5)
  A spectral fire giant (Zig:7)
  13 vampire magi
  7 titan zombies
  5 deep troll earth magi
  20 hell hogs
  5 tengu warriors
  2 thrashing horrors
  5 orc high priests
  9 spriggan berserkers
  A shock serpent (shapeshifter) (Elf:2)
  28 deep elf knights
  46 soul eaters
  3 storm dragon zombies
  6 iron golems
  42 sun demons
  5 titan skeletons
  15 iron trolls
  29 hell knights
  10 wretched stars
  10 anaconda zombies
  A salamander mystic (Zig:14)
  12 spatial maelstroms
  27 shadow wraiths
  8 gelid demonspawn (Pan)
  19 sixfirhies (Pan)
  3 storm dragon skeletons
  25 flayed ghosts
  4 unseen horrors
  5 torturous demonspawn (Pan)
  21 sea snakes
  A spark wasp zombie (Depths:4)
  3 death drakes
  178 skeletal warriors
  6 swamp dragons
  A tengu zombie (Depths:4)
  10 wizards
  24 deep trolls
  23 shadow demons
  7 glowing orange brains
  A ghost moth zombie (Coc:7)
  An iron giant zombie (Crypt:2)
  7 infernal demonspawn (Pan)
  3 golden dragon zombies
  3 shambling mangroves
  17 deep elf archers
  3 kraken simulacra
  9 anaconda skeletons
  2 shadow dragon zombies
  26 phantasmal warriors
  2 golden dragon skeletons
  4 iron dragon zombies
  18 harpies
  28 necromancers
  A sphinx zombie (Depths:4)
  17 orb spiders
  14 ironbrand convokers
  10 orc knights
  3 wolf spider zombies
  47 ugly things
  6 orc sorcerers
  2 fauns (shapeshifter)
  8 fauns
  22 wolf spiders
  26 cyclopes
  5 fire giant zombies
  4 shining eyes
  50 deep elf magi
  9 shadow dragon skeletons
  10 manticores
  A spectral spriggan (Zig:7)
  8 frost giant zombies
  2 worldbinders
  4 stone giant zombies
  7 merfolk sirens
  8 dire elephant zombies
  4 iron dragon skeletons
  A moth of wrath (shapeshifter) (Depths:3)
  4 stone giant skeletons
  4 elephants
  6 fire giant skeletons
  4 guardian serpents (Desolation)
  27 moths of wrath
  Maurice (D:13)
  2 naga magi (Zig:14)
  7 ice statues
  An apocalypse crab (Abyss:5)
  6 water nymphs
  10 frost giant skeletons
  A spectral iron troll (Crypt:2)
  37 rust devils
  5 centaur zombies
  5 black mambas
  4 shock serpent zombies
  13 vault sentinels
  A guardian serpent (shapeshifter) (Depths:4)
  13 molten gargoyles
  5 spectral swamp worms (Depths:4)
  15 spiny frogs
  25 orange demons
  38 smoke demons
  6 eyes of devastation
  A shock serpent skeleton (Pan)
  7 storm dragon simulacra
  7 titan simulacra (Coc:7)
  3 torpor snails
  5 spriggan skeletons
  30 freezing wraiths
  4 emperor scorpion zombies
  12 komodo dragons
  26 hellions
  6 dire elephant skeletons
  6 elf skeletons
  A green draconian zombie (Crypt:1)
  2 kobold demonologists
  A catoblepas zombie (Tomb:3)
  85 yaktaurs
  A rime drake (shapeshifter) (Elf:1)
  A rime drake (Lair:4)
  A catoblepas skeleton (Coc:5)
  24 hellwings
  7 tengu conjurers
  7 anaconda simulacra
  7 efreet
  32 guardian mummies
  28 ice devils
  28 demonic crawlers
  A merfolk (shapeshifter) (Zig:9)
  39 tormentors
  4 silent spectres
  A sea snake skeleton (Crypt:2)
  7 hydra zombies
  A troll (shapeshifter) (D:15)
  2 harpy zombies (Coc:1)
  13 trolls
  31 red devils
  7 ancient zymes
  4 spectral deep trolls (Crypt:2)
  A tengu simulacrum (Vaults:3)
  A jumping spider (shapeshifter) (Depths:4)
  A polar bear (shapeshifter) (Vaults:4)
  2 meliai (shapeshifter)
  7 polar bears
  38 merfolk
  A shadow dragon simulacrum (Coc:7)
  3 harpy skeletons
  34 jumping spiders
  18 hornets
  An iron dragon simulacrum (Crypt:2)
  A tyrant leech (shapeshifter) (Depths:3)
  4 wind drakes
  9 hydra skeletons
  A wind drake (shapeshifter) (Abyss:5)
  A raiju (shapeshifter) (Abyss:4)
  2 fire dragon zombies
  2 sphinx simulacra
  73 slime creatures
  9 snapping turtles
  5 blink frogs
  8 bog bodies
  11 alligator zombies
  2 dream sheep (shapeshifter)
  54 saltlings
  A hippogriff (shapeshifter) (Abyss:2)
  7 ettin zombies
  A frost giant simulacrum (Vaults:1)
  11 dream sheep
  14 hippogriffs
  3 raiju
  4 ice dragon skeletons
  A tarantella zombie (Crypt:2)
  A stone giant simulacrum (Hell)
  2 fire dragon skeletons
  2 spriggans (shapeshifter)
  122 flying skulls
  23 water elementals
  67 redbacks
  A dire elephant simulacrum (IceCv)
  6 ice dragon zombies
  29 shadows
  7 air elementals
  4 ettin skeletons
  24 ynoxinuls
  14 spriggans
  A tarantella (shapeshifter) (Depths:2)
  55 large abominations
  2 black mamba zombies
  20 tarantellas
  3 wyverns
  A yak (shapeshifter) (Depths:4)
  A human (shapeshifter) (Vaults:4)
  4 fire bats (Geh:3)
  39 yaks
  A golden eye (shapeshifter) (Depths:2)
  2 yaktaur simulacra
  A black mamba skeleton (Crypt:2)
  19 fire elementals
  10 ushabtiu
  3 golden eyes
  34 wraiths
  15 chaos spawn
  A human (D:13)
  18 neqoxecs
  2 basilisks
  2 basilisks (shapeshifter)
  A vampire mosquito (Zig:12)
  5 hungry ghosts
  4 wargs
  A wind drake skeleton (Crypt:1)
  A monstrous demonspawn zombie (Crypt:1)
  An ogre zombie (Vaults:1)
  18 water moccasins
  2 iron troll simulacra (IceCv)
  A torturous demonspawn zombie (Crypt:2)
  2 merfolk zombies
  A harpy simulacrum (IceCv)
  13 spatial vortices
  An insubstantial wisp (Zig:12)
  5 acid dragons
  11 small abominations
  16 spiny frog zombies
  3 human skeletons
  A water moccasin (shapeshifter) (Vaults:3)
  Duvessa (D:5)
  65 hell hounds
  8 hydra simulacra
  3 floating eyes
  A merfolk skeleton (Crypt:1)
  8 porcupines
  5 swamp drakes
  18 ice beasts
  6 spiny frog skeletons
  A swamp dragon zombie (Hell)
  57 orc warriors
  3 sky beasts
  4 snapping turtle zombies
  8 black bears
  An alligator simulacrum (Hell)
  A manticore zombie (Crypt:1)
  47 ogres
  4 phantoms
  A hornet zombie (D:14)
  An ettin simulacrum (Crypt:3)
  2 human zombies
  14 necrophages
  5 wolves (Lair:6)
  9 eyes of draining
  12 boggarts
  15 centaurs
  A manticore skeleton (Geh:4)
  11 crocodiles
  2 orc skeletons
  A swamp dragon skeleton (Geh:7)
  3 snapping turtle skeletons
  A gnoll sergeant (Orc:1)
  24 bullfrogs
  5 elf zombies
  2 wyvern zombies
  A water moccasin zombie (D:6)
  4 earth elementals
  Dowan (D:5)
  A water moccasin skeleton (D:7)
  A draconian skeleton (Crypt:2)
  8 scorpions
  A spriggan zombie (Coc:6)
  A wyvern skeleton (D:10)
  6 killer bees (D:8)
  A raiju skeleton (Crypt:1)
  6 electric eels
  A troll skeleton (Tar:7)
  49 wights
  12 howler monkeys
  A bullfrog zombie (D:7)
  11 crimson imps
  3 quasits
  4 hounds
  4 human simulacra
  14 starcursed masses
  34 orc priests
  4 jellies
  2 bullfrog skeletons
  A gnoll shaman (D:2)
  27 iron imps
  5 iguanas
  38 orc wizards
  A hell rat (Lair:3)
  15 worker ants
  A naga zombie (Dis:7)
  A dwarf zombie (Crypt:2)
  A hound zombie (D:9)
  35 mummies
  14 gnolls
  2 howler monkey skeletons
  7 adders
  19 shadow imps
  17 white imps
  An ufetubus (Depths:3)
  An adder zombie (D:9)
  An adder skeleton (D:4)
  3 worms
  A ball lightning (Pan)
  2 dart slugs
  4 leopard geckos
  164 orcs
  10 bats
  5 giant cockroaches
  6 goblins
  6 hobgoblins
  9 jackals
  6 quokkas
  3 ball pythons
  A frilled lizard (D:2)
  A goblin zombie (Crypt:1)
  A jackal zombie (D:5)
  7 kobolds
  A kobold skeleton (Crypt:1)
  A quokka skeleton (D:5)
  10 rats
  2 crawling corpses (Elf:3)
  2 demonic plants (Pan)
  10 fire vortices (Pan)
  6 fungi
  5 plants
  9 starspawn tentacles
  9 tentacles
5117 creatures vanquished.

Vanquished Creatures (collateral kills)
  Dispater (Dis:7)
  An ancient lich (Tar:7)
  A Killer Klown (Zot:5)
  A bone dragon (Tar:7)
  A doom hound (Tar:7)
  An iron giant (Zig:10)
  2 Tzitzimimeh
  A Brimstone Fiend (Geh:7)
  An Executioner (Pan)
  An ancient champion (Tomb:2)
  A fire giant (Geh:7)
  A ghost moth (Spider:4)
  3 very ugly things (Depths:1)
  2 stone giants
  A war gargoyle (Zig:10)
  3 reapers
  A corrupter (Pan)
  A bennu (Tomb:3)
  A black draconian (Zot:5)
  2 mummy priests
  A death ooze (Slime:5)
  A vault guard (D:13)
  A monstrous demonspawn (Pan)
  A spriggan air mage (Depths:3)
  A death knight (D:14)
  A sun demon (Pan)
  A storm dragon zombie (Dis:7)
  An iron golem (Hell)
  2 soul eaters (Pan)
  2 sixfirhies (Pan)
  3 hell knights
  2 gelid demonspawn (Pan)
  A shadow demon (Pan)
  An anaconda zombie (Coc:7)
  An orange crystal statue (Zig:10)
  A wizard (D:13)
  An orb spider (Spider:4)
  A shadow dragon skeleton (Geh:7)
  An ugly thing (Depths:1)
  2 fire giant skeletons
  2 rust devils
  A smoke demon (Pan)
  A catoblepas zombie (Dis:7)
  A tormentor (Geh:7)
  A guardian mummy (Tomb:3)
  A hydra skeleton (Hell)
  6 flying skulls
  A human (D:13)
  A black bear (Crypt:2)
68 creatures vanquished.

Vanquished Creatures (others)
  A Hell Sentinel (Dis:7)
  2 eldritch tentacles
  An ancient champion (Tomb:2)
  A balrug (Pan)
  An elemental wellspring (Coc:6)
  A lorocyproca (Pan)
  A death scarab (Tomb:2)
  A skeletal warrior (Tomb:2)
  2 deep trolls (Vaults:4)
  A phantasmal warrior (Tar:7)
  A shock serpent skeleton (Coc:7)
  A guardian mummy (Tomb:3)
  3 hornets
  A saltling (Desolation)
  A fire giant simulacrum (Tomb:2)
  2 redbacks
  12 flying skulls
  A neqoxec (Pan)
  A starcursed mass (Abyss:5)
  3 mummies (Tomb:2)
  4 ball lightnings (Pan)
  2 fire vortices (Pan)
  5 fungi (Lair:6)
  A lurking horror (Abyss:5)
  16 plants
  17 tentacles
  7 toadstools (Lair:3)
90 creatures vanquished.

Grand Total: 5275 creatures vanquished

Notes
Turn   | Place    | Note
-------+----------+-------------------------------------------
     0 | D:1      | Kejsarherre the Minotaur Berserker began the quest for the Orb.
     0 | D:1      | Reached XP level 1. HP: 19/19 MP: 0/0
   113 | D:1      | Reached XP level 2. HP: 20/27 MP: 1/1
   817 | D:2      | Reached ** piety under Trog
   906 | D:2      | Reached XP level 3. HP: 33/33 MP: 2/2
   913 | D:2      | Reached XP level 4. HP: 25/41 MP: 3/3
  1280 | D:3      | Reached XP level 5. HP: 33/47 MP: 4/4
  1357 | D:3      | Found a transporter.
  1372 | D:3      | Found a transporter.
  1436 | D:3      | Found a sacrificial altar of Ru.
  1604 | D:3      | Reached skill level 5 in Axes
  1679 | D:3      | Reached skill level 5 in Fighting
  1681 | D:3      | Reached *** piety under Trog
  1697 | D:3      | Found a shattered altar of Ashenzari.
  1698 | D:3      | Found a snail-covered altar of Cheibriados.
  1698 | D:3      | Found a hazy altar of Hepliaklqana.
  1758 | D:4      | Reached XP level 6. HP: 46/56 MP: 5/5
  2397 | D:5      | Entered Level 5 of the Dungeon
  2408 | D:5      | Found a shadowy altar of Dithmenos.
  2471 | D:5      | Found a glowing silver altar of Zin.
  2533 | D:5      | Reached skill level 5 in Armour
  2533 | D:5      | Reached XP level 7. HP: 39/62 MP: 6/6
  2611 | D:5      | Found a shimmering altar of Xom.
  2631 | D:5      | Found a shattered altar of Ashenzari.
  2816 | D:5      | Noticed Duvessa
  2817 | D:5      | Noticed Dowan
  2823 | D:5      | Killed Duvessa
  2825 | D:5      | Reached skill level 5 in Dodging
  2825 | D:5      | Killed Dowan
  3206 | D:5      | Reached XP level 8. HP: 71/71 MP: 7/7
  3608 | D:6      | Reached **** piety under Trog
  3682 | D:6      | Found a hide-covered altar of Uskayaw.
  3685 | D:6      | Found a radiant altar of Vehumet.
  3688 | D:6      | Found an iron altar of Okawaru.
  3698 | D:6      | Found a white marble altar of Elyvilon.
  4354 | D:7      | Reached XP level 9. HP: 71/81 MP: 8/8
  4684 | D:7      | Found a staircase to the Ecumenical Temple.
  4888 | D:7      | Reached skill level 10 in Axes
  5468 | D:8      | Reached ***** piety under Trog
  5530 | D:8      | Gained mutation: You are robust. (+10% HP) [potion of mutation]
  5530 | D:8      | Gained mutation: You have very sharp teeth. [potion of mutation]
  5530 | D:8      | Gained mutation: You have sharp toenails. [potion of mutation]
  5698 | D:8      | Noticed a two-headed ogre
  5704 | D:8      | Killed a two-headed ogre
  5704 | D:8      | Reached XP level 10. HP: 84/96 MP: 9/9
  6181 | D:8      | Noticed Gastronok
  6192 | D:8      | Killed Gastronok
  6618 | D:9      | Reached skill level 15 in Axes
  6619 | D:9      | Noticed a two-headed ogre
  6628 | D:9      | Killed a two-headed ogre
  6844 | D:9      | Found a blossoming altar of Fedhas.
  7006 | D:9      | Reached XP level 11. HP: 85/103 MP: 10/10
  7449 | D:10     | Entered Level 10 of the Dungeon
  7653 | D:10     | Noticed Snorg
  7661 | D:10     | Killed Snorg
  7696 | D:10     | Received a gift from Trog
  7754 | D:10     | Found a white marble altar of Elyvilon.
  8319 | D:11     | Noticed a two-headed ogre
  8326 | D:11     | Killed a two-headed ogre
  8395 | D:11     | Reached skill level 10 in Fighting
  8413 | D:11     | Found a staircase to the Orcish Mines.
  8434 | D:11     | Found the +10 large shield of Ignorance {rN+ Int-4}
  8538 | D:11     | Found a staircase to the Lair.
  8588 | D:11     | Noticed a green ugly thing
  8601 | D:11     | Killed a green ugly thing
  8612 | D:11     | Found Ucytaa's Weapon Shop.
  8753 | D:11     | Found a deep blue altar of Sif Muna.
  8776 | D:11     | Killed an unseen horror
  9115 | D:12     | Found a hazy altar of Hepliaklqana.
  9258 | D:12     | Found Jinuruy's Book Boutique.
  9357 | D:12     | Reached XP level 12. HP: 76/121 MP: 11/11
  9723 | D:13     | Noticed a catoblepas
  9741 | D:13     | Killed a catoblepas
  9772 | D:13     | Noticed Maurice
  9784 | D:13     | Killed Maurice
  9838 | D:13     | Noticed a vault guard
  9862 | D:13     | Noticed a vault guard
  9882 | D:13     | Noticed a vault guard
  9891 | D:13     | Received a gift from Trog
  9892 | D:13     | Killed a vault guard
  9905 | D:13     | Killed a vault guard
  9940 | D:13     | Killed a vault guard
 10002 | D:13     | Found a gate to the Vaults.
 10002 | D:13     | Noticed a vault guard
 10003 | D:13     | Noticed a vault guard
 10008 | D:13     | Killed a vault guard
 10012 | D:13     | Killed a vault guard
 10152 | D:13     | Noticed a centaur warrior
 10164 | D:13     | Killed a centaur warrior
 10478 | D:14     | Reached XP level 13. HP: 132/136 MP: 12/12
 10694 | D:14     | Received a gift from Trog
 11411 | D:15     | Entered Level 15 of the Dungeon
 11411 | D:15     | Found Riesekurr's Jewellery Shoppe.
 11417 | D:15     | Bought an uncursed ring of poison resistance for 280 gold pieces
 11417 | D:15     | Bought an uncursed ring of protection from fire for 350 gold pieces
 11738 | D:15     | Found a staircase to the Depths.
 11765 | D:15     | Reached skill level 15 in Fighting
 11859 | D:15     | Found a huge runed gate.
 11860 | D:15     | Found a huge runed gate.
 11860 | D:15     | Found a huge runed gate.
 11861 | D:15     | Found a huge runed gate.
 11861 | D:15     | Found a huge runed gate.
 11997 | D:15     | Found a huge runed gate.
 11997 | D:15     | Found a huge runed gate.
 11997 | D:15     | Found a huge runed gate.
 12067 | D:15     | Found a huge runed gate.
 12067 | D:15     | Found a huge runed gate.
 12067 | D:15     | Found a huge runed gate.
 12067 | D:15     | Found a huge runed gate.
 12067 | D:15     | Found a huge runed gate.
 12071 | D:15     | Found a huge runed gate.
 12072 | D:15     | Found a huge runed gate.
 12072 | D:15     | Found a huge runed gate.
 12074 | D:15     | Found a huge runed gate.
 12074 | D:15     | Found a huge runed gate.
 12074 | D:15     | Found a huge runed gate.
 12074 | D:15     | Found a huge runed gate.
 12074 | D:15     | Found a huge runed gate.
 12074 | D:15     | Found a huge runed gate.
 12076 | D:15     | Found a huge runed gate.
 12077 | D:15     | Found a huge runed gate.
 12078 | D:15     | Found a huge runed gate.
 12106 | D:15     | Noticed an ettin
 12106 | D:15     | Noticed a sphinx
 12106 | D:15     | Noticed a frost giant
 12106 | D:15     | Noticed a tengu reaver
 12214 | Lair:1   | Entered Level 1 of the Lair of Beasts
 12333 | Lair:1   | Received a gift from Trog
 12389 | Lair:1   | Reached skill level 10 in Armour
 12391 | Lair:1   | Reached XP level 14. HP: 148/148 MP: 13/13
 12466 | Lair:1   | Noticed Fannar
 12471 | Lair:1   | Killed Fannar
 13364 | Lair:3   | Found a staircase to the Shoals.
 13547 | Lair:3   | Found a hole to the Spider Nest.
 14041 | Lair:3   | Found a runed door.
 14189 | Lair:3   | Reached skill level 10 in Dodging
 14299 | Lair:3   | You fall through a shaft for 2 floors!
 14353 | Lair:5   | Received a gift from Trog
 14354 | Lair:5   | Got an ichor-stained executioner's axe {god gift}
 14360 | Lair:5   | Identified the +9 executioner's axe of Suicidal Tendencies {speed, MR+} (Trog gifted it to you on level 5 of the Lair of Beasts)
 14467 | Lair:5   | Found a viscous altar of Jiyva.
 14467 | Lair:5   | Found a staircase to the Slime Pits.
 15150 | Lair:6   | Entered Level 6 of the Lair of Beasts
 15504 | Lair:6   | Received a gift from Trog
 15736 | Lair:6   | Reached ****** piety under Trog
 15773 | Lair:6   | Reached XP level 15. HP: 155/158 MP: 14/14
 16118 | Lair:6   | Got an ancient executioner's axe {god gift}
 16119 | Lair:6   | Identified the +5 executioner's axe of Trog's Displeasure {elec, +Rage rN+} (Trog gifted it to you on level 6 of the Lair of Beasts)
 17030 | Spider:1 | Entered Level 1 of the Spider Nest
 17119 | Spider:1 | Received a gift from Trog
 17625 | Spider:1 | Noticed Nikola
 17649 | Spider:1 | Killed Nikola
 18221 | Spider:2 | Received a gift from Trog
 18521 | Spider:2 | Killed a ghost moth
 18965 | Spider:3 | Killed a ghost moth
 18965 | Spider:3 | Reached XP level 16. HP: 114/170 MP: 0/15
 19429 | Spider:4 | Entered Level 4 of the Spider Nest
 19443 | Spider:4 | Received a gift from Trog
 19463 | Spider:4 | Found a frozen archway.
 19484 | IceCv    | Entered an ice cave
 19711 | IceCv    | Got a smelly scale mail
 19713 | IceCv    | Identified Ovuhoxe's Handbook of Curses
 19772 | Spider:4 | Got a garnet-encrusted ring mail
 19790 | Spider:4 | Identified the +11 scale mail of Going Fast {rElec} (You found it in an ice cave)
 19800 | Spider:4 | Identified the +3 ring mail "Cedyts" {+Blink Int-5 SInv} (You found it on level 4 of the Spider Nest)
 19800 | Spider:4 | Lost intelligence.
 20073 | Spider:4 | Received a gift from Trog
 20379 | Spider:4 | Got a gossamer rune of Zot
 20572 | Lair:1   | Got a smoking executioner's axe {god gift}
 20575 | Lair:1   | Identified the +6 executioner's axe "Luciegg" {vamp, *Corrode +Blink rN+ Int+4} (Trog gifted it to you on level 1 of the Lair of Beasts)
 20637 | Shoals:1 | Entered Level 1 of the Shoals
 20896 | Shoals:1 | Received a gift from Trog
 21014 | Shoals:1 | Noticed Louise
 21034 | Shoals:1 | Killed Louise
 21359 | Shoals:2 | Reached XP level 17. HP: 167/182 MP: 16/16
 21385 | Shoals:2 | Reached skill level 15 in Armour
 21621 | Shoals:2 | Found Zitsyvak's Weapon Shoppe.
 22496 | Shoals:4 | Entered Level 4 of the Shoals
 22796 | Shoals:4 | Received a gift from Trog
 22922 | Shoals:4 | Got a barnacled rune of Zot
 23187 | Depths:1 | Entered Level 1 of the Depths
 23911 | D:15     | Reached skill level 15 in Dodging
 24012 | Depths:1 | Reached XP level 18. HP: 171/193 MP: 17/17
 24015 | Depths:1 | Received a gift from Trog
 24019 | Depths:1 | Got a shimmering executioner's axe {god gift}
 24026 | Depths:1 | Identified the +6 executioner's axe "Ehacro" {flame, rElec rN+ MR+} (Trog gifted it to you on level 1 of the Depths)
 24113 | Depths:1 | Found a gateway to a ziggurat.
 24115 | Depths:1 | Paralysed by a floating eye for 3 turns
 24121 | Depths:1 | Paralysed by a floating eye for 2 turns
 24217 | Depths:1 | Found a gateway to Hell.
 24547 | Depths:2 | Noticed Bai Suzhen
 24604 | Depths:1 | Killed Bai Suzhen
 25152 | Depths:2 | Received a gift from Trog
 25359 | Depths:2 | Noticed a bone dragon
 25374 | Depths:2 | Killed a bone dragon
 25404 | Depths:2 | Identified a scroll of acquirement
 25520 | Depths:2 | Got a smoking wooden ring
 25521 | Depths:2 | Identified the ring "Varugiev" {rCorr +Blink Str+5} (You acquired it on level 2 of the Depths)
 25711 | Depths:2 | Found a snail-covered altar of Cheibriados.
 25726 | Depths:2 | Reached XP level 19. HP: 162/203 MP: 18/18
 25970 | Depths:2 | Found a one-way gate to the infinite horrors of the Abyss.
 26023 | Depths:3 | Noticed Mara
 26035 | Depths:3 | Noticed Kejsarherre's illusion
 26117 | Depths:3 | Found a one-way gate leading to the halls of Pandemonium.
 26208 | Depths:3 | Noticed a lich
 26218 | Depths:3 | Killed a lich
 26283 | Depths:3 | Paralysed by a floating eye for 4 turns
 26298 | Depths:3 | Found a magical portal.
 26307 | WizLab   | Entered Wucad Mu's Monastery
 26565 | WizLab   | Found the +9 staff of Wucad Mu {channel}
 27729 | Depths:3 | Reached XP level 20. HP: 214/214 MP: 19/19
 28080 | Depths:3 | Noticed Kejsarherre's illusion
 28336 | Depths:3 | Noticed a juggernaut
 28410 | Depths:3 | Noticed Kejsarherre's illusion
 28779 | Depths:3 | Noticed Kejsarherre's illusion
 28801 | Depths:3 | Killed Mara
 29504 | Depths:3 | Got a crude crystal amulet
 29505 | Depths:3 | Noticed a golden dragon
 29526 | Depths:3 | Killed a golden dragon
 29629 | Depths:3 | Killed a juggernaut
 29649 | Depths:3 | Identified the amulet "Ogogy" {Reflect *Contam *Corrode rN+++ Int+9 SH+3} (You took it off a spriggan air mage on level 3 of the Depths)
 29681 | Depths:3 | Reached XP level 21. HP: 147/224 MP: 20/20
 30130 | Depths:3 | Found a runed door.
 30245 | Depths:3 | Received a gift from Trog
 30248 | Depths:3 | Got a fine hat
 30255 | Depths:3 | Identified the +1 hat "Toyjaohy" {rF+++ Regen+ rCorr Int-3} (You found it on level 3 of the Depths)
 30361 | Depths:3 | Got an ancient bronze ring
 30588 | Depths:3 | Identified the ring of Propriety {*Tele Str+6 Dex+2} (You took it off a wizard on level 3 of the Depths)
 30973 | Depths:5 | Entered Level 5 of the Depths
 31067 | Depths:4 | Received a gift from Trog
 31586 | Depths:4 | Found a corrupted altar of Lugonu.
 31928 | Depths:4 | Found a runed door.
 32101 | Depths:4 | Found a runed door.
 32105 | Depths:4 | Paralysed by a vampire knight for 2 turns
 32133 | Depths:4 | Received a gift from Trog
 32153 | Depths:4 | Noticed a golden dragon
 32154 | Depths:4 | Noticed a juggernaut
 32198 | Depths:4 | Killed a juggernaut
 32204 | Depths:4 | Killed a golden dragon
 32222 | Depths:4 | Reached XP level 22. HP: 121/236 MP: 21/21
 32938 | Depths:5 | Found a gate to the Realm of Zot.
 32951 | Depths:5 | Noticed a golden dragon
 32957 | Depths:5 | Killed a golden dragon
 33379 | Depths:5 | Noticed a juggernaut
 33393 | Depths:5 | Killed a juggernaut
 33396 | Depths:5 | Received a gift from Trog
 33425 | Depths:5 | Noticed Sojobo
 33439 | Depths:5 | Killed Sojobo
 33967 | Vaults:1 | Entered Level 1 of the Vaults
 34134 | Vaults:1 | Received a gift from Trog
 34213 | Vaults:1 | Found a glowing silver altar of Zin.
 34567 | Vaults:1 | Noticed Aizul
 34587 | Vaults:1 | Killed Aizul
 34915 | Vaults:1 | Got a pair of jewelled gloves
 34917 | Vaults:1 | Identified the cursed +0 pair of gloves of the Moon {Regen+} (You found it on level 1 of the Vaults)
 35448 | Vaults:2 | Received a gift from Trog
 35548 | Vaults:2 | Noticed Jorgrun
 35562 | Vaults:2 | Killed Jorgrun
 35806 | Vaults:2 | Reached XP level 23. HP: 248/248 MP: 22/22
 35839 | Vaults:2 | Noticed Boris
 35849 | Vaults:2 | Killed Boris
 35957 | Vaults:2 | Found Ydan's Antique Armour Shoppe.
 36168 | Vaults:2 | Noticed Donald
 36176 | Vaults:2 | Killed Donald
 36176 | Vaults:2 | Received a gift from Trog
 36659 | Vaults:3 | Found a ruined gateway.
 36664 | Desolati | Entered the Desolation of Salt
 36937 | Desolati | Received a gift from Trog
 37099 | Desolati | Received a gift from Trog
 37106 | Desolati | Got a steaming amethyst amulet
 37108 | Desolati | Identified the amulet "Zestisup" {Reflect +Blink rC+ SH+3} (You found it in the Desolation of Salt)
 37116 | Desolati | Got a brightly glowing granite ring
 37313 | Desolati | Identified the Almanac of Transmigration and the Mountains
 37330 | Desolati | Got a pair of smoking boots
 37332 | Desolati | Identified the +2 pair of boots "Qeugov" {rN+ Dex+4} (You found it in the Desolation of Salt)
 37345 | Desolati | Identified the ring of Kebehutt {Fire Dex+4} (You took it off a ragged hierophant in the Desolation of Salt)
 37737 | Vaults:3 | Found a staircase to the Crypt.
 37948 | Vaults:3 | Received a gift from Trog
 38140 | Vaults:3 | Received a gift from Trog
 38601 | Vaults:4 | Reached skill level 1 in Spellcasting
 39033 | Vaults:4 | Reached skill level 27 in Axes
 39039 | Vaults:4 | Reached XP level 24. HP: 244/260 MP: 25/25
 39215 | Vaults:4 | Found a flickering gateway to a bazaar.
 39224 | Bazaar   | Entered a bazaar
 39225 | Bazaar   | Found Upeiklemn's Jewellery Emporium.
 39225 | Bazaar   | Found Iheat's Antique Armour Emporium.
 39226 | Bazaar   | Found Widy's Magic Scroll Boutique.
 39243 | Bazaar   | Bought a scroll of blinking for 90 gold pieces
 39243 | Bazaar   | Bought a scroll of summoning for 114 gold pieces
 39257 | Bazaar   | Found Leruj's Distillery.
 39265 | Bazaar   | Bought a potion of heal wounds for 45 gold pieces
 39265 | Bazaar   | Bought 2 potions of haste for 180 gold pieces
 39265 | Bazaar   | Bought a potion of haste for 90 gold pieces
 39265 | Bazaar   | Bought a potion of heal wounds for 45 gold pieces
 39265 | Bazaar   | Bought 2 potions of might for 72 gold pieces
 40168 | Vaults:5 | Entered Level 5 of the Vaults
 40404 | Vaults:5 | Received a gift from Trog
 40466 | Vaults:5 | Identified Omerchywk's Catalogue of Displaced Ignition
 40494 | Vaults:5 | Found Zuoteag's Food Emporium.
 40500 | Vaults:5 | Bought a ration for 65 gold pieces
 40500 | Vaults:5 | Bought a ration for 65 gold pieces
 40500 | Vaults:5 | Bought a ration for 65 gold pieces
 40500 | Vaults:5 | Bought a ration for 65 gold pieces
 40500 | Vaults:5 | Bought a ration for 65 gold pieces
 40500 | Vaults:5 | Bought a ration for 65 gold pieces
 40500 | Vaults:5 | Bought a ration for 65 gold pieces
 40500 | Vaults:5 | Bought a ration for 65 gold pieces
 40500 | Vaults:5 | Bought a ration for 65 gold pieces
 40500 | Vaults:5 | Bought a ration for 65 gold pieces
 40500 | Vaults:5 | Bought a ration for 65 gold pieces
 40504 | Vaults:5 | Found Pugg's Distillery.
 40508 | Vaults:5 | Bought a potion of heal wounds for 110 gold pieces
 40508 | Vaults:5 | Bought a potion of heal wounds for 110 gold pieces
 40516 | Vaults:5 | Found Rifipsaopn's Magic Scroll Shoppe.
 40526 | Vaults:5 | Bought a scroll of acquirement for 936 gold pieces
 40526 | Vaults:5 | Bought a scroll of magic mapping for 63 gold pieces
 40526 | Vaults:5 | Bought a scroll of enchant armour for 135 gold pieces
 40526 | Vaults:5 | Bought a scroll of fog for 36 gold pieces
 40526 | Vaults:5 | Bought a scroll of fear for 63 gold pieces
 40526 | Vaults:5 | Bought a scroll of fog for 36 gold pieces
 40539 | Vaults:5 | Got a warped glass ring
 40540 | Vaults:5 | Identified the ring of Oneqax {rCorr *Contam rElec Str+6} (You acquired it on level 5 of the Vaults)
 40638 | Vaults:5 | Found Oniotom's Jewellery Shoppe.
 40650 | Vaults:5 | Found Vional's General Store.
 40675 | Vaults:5 | Bought a scroll of enchant armour for 157 gold pieces
 40725 | Vaults:5 | Found Quuhuega's Book Boutique.
 40725 | Vaults:5 | Noticed an ancient lich
 40727 | Vaults:5 | Killed an ancient lich
 40760 | Vaults:5 | Found Yzxoah's Gadget Emporium.
 40776 | Vaults:5 | Got a silver rune of Zot
 40900 | Vaults:5 | Found Putsozepn's Magic Scroll Shoppe.
 40911 | Vaults:5 | Reached skill level 27 in Fighting
 40912 | Vaults:5 | Reached XP level 25. HP: 242/282 MP: 25/25
 40960 | Vaults:5 | Bought a scroll of acquirement for 1144 gold pieces
 41138 | Vaults:5 | Received a gift from Trog
 42150 | Slime:1  | Entered Level 1 of the Pits of Slime
 42222 | Slime:2  | Gained mutation: Your magical capacity is low. (-10% MP) [a shining eye]
 42234 | Slime:3  | Paralysed by a great orb of eyes for 5 turns
 42322 | Slime:4  | Gained mutation: You tend to lose your temper in combat. [a shining eye]
 42336 | Slime:4  | Lost mutation: You tend to lose your temper in combat. [potion of mutation]
 42336 | Slime:4  | Lost mutation: Your magical capacity is low. (-10% MP) [potion of mutation]
 42336 | Slime:4  | Lost mutation: You have sharp toenails. [potion of mutation]
 42336 | Slime:4  | Gained mutation: Scrolls take you a little longer to read. [potion of mutation]
 42336 | Slime:4  | Gained mutation: Your spells are a little harder to cast, but a little more powerful. [potion of mutation]
 42337 | Slime:4  | Lost mutation: You are robust. (+10% HP) [potion of mutation]
 42337 | Slime:4  | Lost mutation: Your spells are a little harder to cast, but a little more powerful. [potion of mutation]
 42337 | Slime:4  | Gained mutation: Your movements are slightly less encumbered by armour. (ER -2) [potion of mutation]
 42337 | Slime:4  | Lost mutation: Scrolls take you a little longer to read. [potion of mutation]
 42337 | Slime:4  | Gained mutation: You possess an exceptional clarity of mind. [potion of mutation]
 42362 | Slime:5  | Entered Level 5 of the Pits of Slime
 42462 | Slime:5  | Noticed the Royal Jelly
 42477 | Slime:5  | Killed the Royal Jelly
 42681 | Slime:5  | Found the +5 scythe "Finisher" {speed, Str+3}
 42691 | Slime:5  | Found the +11 plutonium sword {*Contam Stlth-}
 42710 | Slime:5  | Got a twitching granite ring
 42720 | Slime:5  | Got a flickering graven amulet
 42751 | Slime:5  | Got a scorched iron ring
 42777 | Slime:5  | Got a slimy rune of Zot
 42874 | Slime:2  | Gained mutation: You are clumsy. (Dex -2) [a shining eye]
 42904 | Slime:1  | Received a gift from Trog
 42950 | Slime:1  | Gained mutation: Your spells are a little harder to cast, but a little more powerful. [a shining eye]
 43229 | Depths:2 | Identified the ring "Liqutsak" {Str+3 SInv} (You found it on level 5 of the Pits of Slime)
 43230 | Depths:2 | Identified the amulet "Jeupu" {Harm *Corrode *Drain Str+2 Slay+4 Stlth+} (You found it on level 5 of the Pits of Slime)
 43234 | Depths:2 | Identified the ring of Eternal Night {rPois MP+9} (You found it on level 5 of the Pits of Slime)
 43238 | Depths:2 | Voluntarily entered the Abyss.
 43238 | Abyss:1  | Found a corrupted altar of Lugonu.
 43240 | Abyss:1  | Found a corrupted altar of Lugonu.
 43769 | Abyss:3  | Found a corrupted altar of Lugonu.
 43861 | Abyss:5  | Entered Level 5 of the Abyss
 44021 | Abyss:5  | Paralysed by accursed screaming for 1 turns
 44026 | Abyss:5  | Paralysed by accursed screaming for 1 turns
 44170 | Abyss:5  | Reached skill level 1 in Evocations
 44203 | Abyss:5  | Got an abyssal rune of Zot
 44268 | Depths:2 | Escaped the Abyss
 44283 | Depths:2 | Got an ancient lead amulet
 44286 | Depths:2 | Identified the amulet "Modd" {+Rage rC+} (You acquired it on level 2 of the Depths)
 44368 | D:15     | Bought an uncursed ring of protection from magic for 350 gold pieces
 44368 | D:15     | Bought an uncursed amulet of rage for 560 gold pieces
 44590 | Temple   | Entered the Ecumenical Temple
 44630 | Temple   | Fell from the grace of Trog
 44630 | Temple   | Became a worshipper of the Shining One
 44668 | Temple   | Learned a level 2 spell: Song of Slaying
 44825 | Orc:1    | Entered Level 1 of the Orcish Mines
 44840 | Orc:1    | Found a roughly hewn altar of Beogh.
 44895 | Orc:1    | Found Lusaoz's General Store.
 44968 | Orc:1    | Bought a potion of heal wounds for 70 gold pieces
 45085 | Orc:2    | Entered Level 2 of the Orcish Mines
 45105 | Orc:1    | Reached skill level 1 in Invocations
 45113 | Orc:1    | Reached * piety under the Shining One
 45120 | Orc:1    | Gained mutation: You are weak. (Str -2) [a neqoxec]
 45140 | Orc:1    | Lost mutation: You are weak. (Str -2) [potion of mutation]
 45140 | Orc:1    | Lost mutation: Your spells are a little harder to cast, but a little more powerful. [potion of mutation]
 45140 | Orc:1    | Gained mutation: Your spells are a little harder to cast, but a little more powerful. [potion of mutation]
 45140 | Orc:1    | Gained mutation: You passively map a small area around you. [potion of mutation]
 45233 | Orc:2    | Found a roughly hewn altar of Beogh.
 45265 | Orc:2    | Reached XP level 26. HP: 266/266 MP: 25/25
 45339 | Orc:2    | Found a roughly hewn altar of Beogh.
 45351 | Orc:2    | Found Bisuf's General Store.
 45398 | Orc:2    | Found a staircase to the Elven Halls.
 45519 | Orc:2    | Found a roughly hewn altar of Beogh.
 45549 | Orc:2    | Reached ** piety under the Shining One
 45724 | Orc:2    | Found Ogis's Antique Weapon Emporium.
 45724 | Orc:2    | Noticed Saint Roka
 45728 | Orc:2    | Found a roughly hewn altar of Beogh.
 45747 | Orc:2    | Killed Saint Roka
 45762 | Orc:2    | Found Linwu's Antique Armour Shoppe.
 45845 | Orc:2    | Found a roughly hewn altar of Beogh.
 45849 | Orc:2    | Found Zisedato's Gadget Shoppe.
 46011 | Orc:2    | Found a roughly hewn altar of Beogh.
 46357 | Elf:1    | Entered Level 1 of the Elven Halls
 46498 | Elf:1    | Found Diul's Distillery.
 46517 | Elf:1    | Bought a potion of mutation for 128 gold pieces
 46517 | Elf:1    | Bought a potion of heal wounds for 80 gold pieces
 46517 | Elf:1    | Bought 2 potions of haste for 320 gold pieces
 46517 | Elf:1    | Bought a potion of might for 64 gold pieces
 46588 | Elf:1    | Reached skill level 5 in Evocations
 46712 | Elf:1    | Reached *** piety under the Shining One
 46739 | Elf:1    | Identified the Incunabulum of Black Magic
 46833 | Elf:1    | Reached skill level 5 in Invocations
 47409 | Elf:2    | Found an ancient bone altar of Kikubaaqudgha.
 47426 | Elf:2    | Found Jofior's Gadget Shop.
 47426 | Elf:2    | Found Jifaris's Jewellery Emporium.
 47427 | Elf:2    | Found Pyqaffec's Gadget Shop.
 47434 | Elf:2    | Bought an uncursed ring of resist corrosion for 340 gold pieces
 47434 | Elf:2    | Bought an uncursed ring of see invisible for 255 gold pieces
 47519 | Elf:2    | Found a huge runed gate.
 47519 | Elf:2    | Found a huge runed gate.
 47519 | Elf:2    | Found a huge runed gate.
 47881 | Elf:2    | Cast into level 4 of the Abyss (trident of distortion)
 47924 | Abyss:4  | Reached **** piety under the Shining One
 47929 | Elf:2    | Escaped the Abyss
 48061 | Elf:3    | Entered Level 3 of the Elven Halls
 48075 | Elf:3    | Found Esank's Gadget Boutique.
 48077 | Elf:3    | Found Zoxteh's Antique Weapon Shoppe.
 48103 | Elf:3    | Found Mosunty's Gadget Boutique.
 48190 | Elf:3    | Found Diyjaq's Food Boutique.
 48221 | Elf:3    | Bought a ration for 70 gold pieces
 48221 | Elf:3    | Bought a ration for 70 gold pieces
 48221 | Elf:3    | Bought a ration for 70 gold pieces
 48221 | Elf:3    | Bought a ration for 70 gold pieces
 48221 | Elf:3    | Bought a ration for 70 gold pieces
 48221 | Elf:3    | Bought a ration for 70 gold pieces
 48221 | Elf:3    | Bought a ration for 70 gold pieces
 48221 | Elf:3    | Bought a ration for 70 gold pieces
 48351 | Elf:3    | Reached ***** piety under the Shining One
 48442 | Elf:3    | Learned a level 6 spell: Freezing Cloud
 48574 | Elf:3    | Identified the Almanac of the Birds and Displacement
 48582 | Elf:3    | Identified the Compendium of the Rocks and the Blaze
 48594 | Elf:3    | Learned a level 4 spell: Passage of Golubria
 48608 | Elf:3    | Learned a level 8 spell: Ignition
 48652 | Elf:3    | Identified Sif Muna's Reference Book on Good Luck and the Blaze
 48694 | Elf:3    | Found the +8 Wrath of Trog {antimagic, *Rage}
 48712 | Elf:3    | Learned a level 2 spell: Blink
 48823 | Elf:3    | Found Inyef's Antique Weapon Boutique.
 48853 | Elf:3    | Reached skill level 10 in Invocations
 49481 | Crypt:1  | Entered Level 1 of the Crypt
 49566 | Crypt:1  | Reached skill level 10 in Evocations
 49683 | Crypt:1  | Reached ****** piety under the Shining One
 49700 | Crypt:1  | Reached skill level 1 in Translocations
 49723 | Crypt:1  | Reached XP level 27. HP: 273/273 MP: 30/30
 50275 | Crypt:2  | Noticed Frederick
 50289 | Crypt:2  | Killed Frederick
 50350 | Crypt:2  | Noticed Khufu
 50352 | Crypt:2  | Noticed a greater mummy
 50367 | Crypt:2  | Killed Khufu
 50376 | Crypt:2  | Reached skill level 5 in Spellcasting
 50377 | Crypt:2  | Killed a greater mummy
 50377 | Crypt:2  | Reached skill level 5 in Translocations
 50913 | Crypt:3  | Entered Level 3 of the Crypt
 51195 | Crypt:3  | Found an ancient bone altar of Kikubaaqudgha.
 51555 | Crypt:3  | Identified the Disquisition on Changing
 51629 | Crypt:3  | Found a staircase to the Tomb.
 51629 | Crypt:3  | Noticed an ancient lich
 51640 | Crypt:3  | Killed an ancient lich
 51686 | Crypt:3  | Got a sparkling glass ring
 51686 | Crypt:3  | Got a shimmering lead amulet
 51701 | Crypt:3  | Got a wavering pewter ring
 51705 | Crypt:3  | Identified the ring "Dunnerip" {+Inv rF+ rN+ Int+5 Dex-4} (You found it on level 3 of the Crypt)
 51707 | Crypt:3  | Identified the ring "Mial" {-Tele rPois rF++ rN+ Int+4} (You found it on level 3 of the Crypt)
 51709 | Crypt:3  | Identified the amulet "Mairhosm" {rElec Regen+} (You found it on level 3 of the Crypt)
 52275 | Hell     | Entered the Vestibule of Hell
 52275 | Hell     | Noticed Geryon
 52456 | Hell     | Killed Geryon
 52523 | Hell     | Found a gateway to the decaying netherworld of Tartarus.
 52572 | Hell     | Found a gateway to the freezing wastes of Cocytus.
 52622 | Hell     | Found a gateway to the Iron City of Dis.
 52649 | Hell     | Found a gateway to the ashen valley of Gehenna.
 52788 | Zot:1    | Entered Level 1 of the Realm of Zot
 52962 | Zot:1    | Found Jarigeq's Changing Room.
 53009 | Zot:1    | Bought a potion of mutation for 144 gold pieces
 53312 | Zot:2    | Reached skill level 10 in Translocations
 53452 | Zot:2    | Found the brooch of Shielding {Reflect SH+8}
 53552 | Zot:2    | Reached skill level 10 in Spellcasting
 53589 | Zot:2    | Identified a +0 pair of boots of running (You found it on level 2 of the Realm of Zot)
 53765 | Zot:2    | Learned a level 8 spell: Controlled Blink
 53870 | Zot:2    | Learned a level 3 spell: Portal Projectile
 54849 | Zot:3    | Noticed an orb of fire
 54861 | Zot:3    | Killed an orb of fire
 55022 | Zot:3    | Found a transporter.
 55023 | Zot:3    | Found a deep blue altar of Sif Muna.
 55339 | Zot:3    | Noticed an ancient lich
 55356 | Zot:3    | Killed an ancient lich
 55396 | Zot:3    | Found a transporter.
 55446 | Zot:3    | Noticed an ancient lich
 55452 | Zot:3    | Paralysed by an ancient lich for 2 turns
 55456 | Zot:3    | Killed an ancient lich
 56189 | Zot:5    | Entered Level 5 of the Realm of Zot
 56421 | Zot:5    | Noticed an ancient lich
 56426 | Zot:5    | Killed an ancient lich
 56454 | Zot:5    | Noticed an ancient lich
 56462 | Zot:5    | Killed an ancient lich
 56804 | Zot:5    | Noticed an orb of fire
 56820 | Zot:5    | Gained mutation: Your body sometimes deteriorates upon taking damage. [an orb of fire]
 56830 | Zot:5    | Killed an orb of fire
 57934 | Hell     | Paralysed by Trog for 7 turns
 59702 | Hell     | Was forgiven by Trog
 59784 | Coc:1    | Entered Level 1 of Cocytus
 60873 | Coc:7    | Entered Level 7 of Cocytus
 61990 | Coc:7    | Reached skill level 27 in Armour
 62031 | Coc:7    | Gained mutation: Your magical capacity is low. (-10% MP) [mutagenic glow]
 62033 | Coc:7    | Lost mutation: Your movements are slightly less encumbered by armour. (ER -2) [potion of mutation]
 62033 | Coc:7    | Lost mutation: You possess an exceptional clarity of mind. [potion of mutation]
 62033 | Coc:7    | Lost mutation: You are clumsy. (Dex -2) [potion of mutation]
 62033 | Coc:7    | Lost mutation: Your magical capacity is low. (-10% MP) [potion of mutation]
 62033 | Coc:7    | Gained mutation: Your muscles are strong. (Str +2) [potion of mutation]
 62033 | Coc:7    | Lost mutation: Your spells are a little harder to cast, but a little more powerful. [potion of mutation]
 62033 | Coc:7    | Gained mutation: Your mind is acute. (Int +2) [potion of mutation]
 62033 | Coc:7    | Gained mutation: You can translocate small distances at will. [potion of mutation]
 62322 | Coc:7    | Noticed Antaeus
 62351 | Coc:7    | Killed Antaeus
 62361 | Coc:7    | Got an icy rune of Zot
 62380 | Coc:7    | Learned a level 2 spell: Swiftness
 62517 | Tar:1    | Entered Level 1 of Tartarus
 63727 | Tar:7    | Entered Level 7 of Tartarus
 63896 | Tar:7    | Reached skill level 27 in Dodging
 63896 | Tar:7    | Reached skill level 1 in Unarmed Combat
 63911 | Tar:7    | Noticed an ancient lich
 63920 | Tar:7    | Killed an ancient lich
 63920 | Tar:7    | Reached skill level 1 in Charms
 63920 | Tar:7    | Reached skill level 1 in Air Magic
 63925 | Tar:7    | Got a clouded brass ring
 63927 | Tar:7    | Identified the ring of the Raven {rF+ Int+3 SInv} (You found it on level 7 of Tartarus)
 64232 | Tar:7    | Got a glittering pewter ring
 64233 | Tar:7    | Identified the ring of Contentment {rElec rF- Str+4 Stlth-} (You found it on level 7 of Tartarus)
 64240 | Tar:7    | Identified Yvvial's Incunabulum of Displacement
 64309 | Tar:7    | Reached skill level 5 in Air Magic
 64381 | Tar:7    | Reached skill level 5 in Charms
 64515 | Tar:7    | Lost intelligence.
 64573 | Tar:7    | Gained mutation: Your body often deteriorates upon taking damage. [a neqoxec]
 64603 | Tar:7    | Lost mutation: Your body often deteriorates upon taking damage. [potion of mutation]
 64603 | Tar:7    | Lost mutation: Your muscles are strong. (Str +2) [potion of mutation]
 64603 | Tar:7    | Lost mutation: Your body sometimes deteriorates upon taking damage. [potion of mutation]
 64603 | Tar:7    | Lost intelligence.
 64603 | Tar:7    | Lost mutation: Your mind is acute. (Int +2) [potion of mutation]
 64603 | Tar:7    | Gained mutation: You have supernaturally acute eyesight. (SInv) [potion of mutation]
 64603 | Tar:7    | Gained mutation: You are somewhat resistant to further mutation. [potion of mutation]
 64652 | Tar:7    | Lost intelligence.
 65183 | Tar:7    | Noticed an ancient lich
 65194 | Tar:7    | Killed an ancient lich
 65319 | Tar:7    | Noticed Ereshkigal
 65327 | Tar:7    | Got a bone rune of Zot
 65377 | Tar:7    | Killed Ereshkigal
 65783 | Dis:1    | Entered Level 1 of the Iron City of Dis
 66161 | Dis:3    | Reached skill level 10 in Air Magic
 66730 | Dis:7    | Entered Level 7 of the Iron City of Dis
 66810 | Dis:7    | Reached skill level 10 in Charms
 67856 | Dis:7    | Noticed the Serpent of Hell
 67902 | Dis:7    | Killed the Serpent of Hell
 68469 | Dis:7    | Reached skill level 15 in Spellcasting
 68968 | Dis:7    | Noticed Dispater
 69008 | Dis:7    | Killed Dispater
 69029 | Dis:7    | Identified the Almanac of Quantum Enhancements
 69047 | Dis:7    | Got an iron rune of Zot
 69100 | Dis:7    | Reached skill level 15 in Translocations
 69201 | Geh:1    | Entered Level 1 of Gehenna
 69857 | Geh:4    | You fall through a shaft for 2 floors!
 69899 | Geh:7    | Entered Level 7 of Gehenna
 70237 | Geh:7    | Found the +7 sceptre of Torment
 70525 | Geh:7    | Noticed Asmodeus
 70844 | Geh:7    | Killed Asmodeus
 70910 | Geh:7    | Got a sparkling steel ring
 70918 | Geh:7    | Found the amulet of the Four Winds {rN+ MR+++ Clar}
 70918 | Geh:7    | Found the +3 sling "Punk" {acid, rCorr}
 70930 | Geh:7    | Identified Gytos's Tome of Toxins
 70934 | Geh:7    | Got a crude gossamer ring
 70935 | Geh:7    | Identified the Guide on Quantum Transmigration
 70983 | Geh:7    | Got an obsidian rune of Zot
 71221 | Depths:4 | Identified the ring "Amiluer" {rC+ Dex+4} (You found it on level 7 of Gehenna)
 71223 | Depths:4 | Identified the ring "Vaqirch" {EV+2 Dex+7} (You found it on level 7 of Gehenna)
 71266 | Pan      | Entered Pandemonium
 71386 | Pan      | Reached skill level 15 in Invocations
 71422 | Pan      | Noticed Zomihexi the pandemonium lord
 71444 | Pan      | Killed Zomihexi the pandemonium lord
 71597 | Pan      | Noticed Coenepru the pandemonium lord
 71672 | Pan      | Noticed Mennas
 71684 | Pan      | Killed Mennas
 72136 | Pan      | Got a demonic rune of Zot
 72362 | Pan      | Found an exit through the horrors of the Abyss.
 72527 | Pan      | Noticed Ignacio
 72541 | Pan      | Killed Ignacio
 72711 | Pan      | Found an exit through the horrors of the Abyss.
 72782 | Pan      | Noticed Keppomy the pandemonium lord
 72801 | Pan      | Gained mutation: Your skin changes colour to match your surroundings (Stealth+). [a cacodemon]
 72809 | Pan      | Killed Keppomy the pandemonium lord
 72841 | Pan      | Paralysed by a chaos spawn for 3 turns
 72975 | Pan      | Noticed Fumu the pandemonium lord
 72990 | Pan      | Killed Fumu the pandemonium lord
 73646 | Pan      | Found an exit through the horrors of the Abyss.
 73864 | Pan      | Entered the realm of Mnoleg.
 73914 | Pan      | Gained mutation: You occasionally shout uncontrollably at your foes. [a neqoxec]
 73929 | Pan      | Noticed Mnoleg
 73939 | Pan      | Paralysed by a floating eye for 2 turns
 73966 | Pan      | Killed Mnoleg
 74052 | Pan      | Gained mutation: You are frail. (-10% HP) [a neqoxec]
 74076 | Pan      | Got a glowing rune of Zot
 74242 | Pan      | Gained mutation: Potions are less effective at restoring your health. [a cacodemon]
 74242 | Pan      | Gained mutation: Your body sometimes deteriorates upon taking damage. [a cacodemon]
 74260 | Pan      | Gained mutation: Your body often deteriorates upon taking damage. [a neqoxec]
 74373 | Pan      | Lost mutation: You are frail. (-10% HP) [potion of mutation]
 74373 | Pan      | Lost mutation: You passively map a small area around you. [potion of mutation]
 74373 | Pan      | Lost mutation: You can translocate small distances at will. [potion of mutation]
 74373 | Pan      | Lost mutation: Potions are less effective at restoring your health. [potion of mutation]
 74374 | Pan      | Lost mutation: Your body often deteriorates upon taking damage. [potion of mutation]
 74374 | Pan      | Lost mutation: You have very sharp teeth. [potion of mutation]
 74374 | Pan      | Lost mutation: Your body sometimes deteriorates upon taking damage. [potion of mutation]
 74374 | Pan      | Gained mutation: You have a beak for a mouth. [potion of mutation]
 74383 | Pan      | Found an exit through the horrors of the Abyss.
 74552 | Pan      | Noticed Xouwaown the pandemonium lord
 74583 | Pan      | Killed Xouwaown the pandemonium lord
 74646 | Pan      | Found an exit through the horrors of the Abyss.
 74780 | Pan      | Found a runed door.
 74784 | Pan      | Gained mutation: You are frail. (-10% HP) [a neqoxec]
 74850 | Pan      | Noticed Bimo the pandemonium lord
 74854 | Pan      | Gained mutation: You are weak. (Str -2) [a cacodemon]
 74951 | Pan      | Lost mutation: You are weak. (Str -2) [potion of mutation]
 74951 | Pan      | Lost mutation: You are somewhat resistant to further mutation. [potion of mutation]
 74951 | Pan      | Lost mutation: You are frail. (-10% HP) [potion of mutation]
 74951 | Pan      | Lost mutation: Your skin changes colour to match your surroundings (Stealth+). [potion of mutation]
 74951 | Pan      | Gained mutation: You are partially covered in icy blue scales. (AC +2) [potion of mutation]
 75043 | Pan      | Noticed Vileqan the pandemonium lord
 75055 | Pan      | Killed Vileqan the pandemonium lord
 75623 | Pan      | Entered the realm of Cerebov.
 75813 | Pan      | Noticed Cerebov
 75856 | Pan      | Killed Cerebov
 76003 | Pan      | Got a pair of transparent gloves
 76006 | Pan      | Got a pitted jade ring
 76008 | Pan      | Identified the cursed +0 pair of gloves of Too Many Cooks {Dex+7} (You found it in Pandemonium)
 76010 | Pan      | Identified the ring of Sintuu Domik {*Tele rF+ rC+} (You found it in Pandemonium)
 76053 | Pan      | Identified Zururphu's Compendium of Supportive Augmentations
 76202 | Pan      | Got a fiery rune of Zot
 76593 | Pan      | Found an exit through the horrors of the Abyss.
 76763 | Pan      | Entered the realm of Lom Lobon.
 76796 | Pan      | Found an exit through the horrors of the Abyss.
 77194 | Pan      | Noticed Lom Lobon
 77218 | Pan      | Killed Lom Lobon
 77237 | Pan      | Got a magical rune of Zot
 77331 | Pan      | Entered the realm of Gloorx Vloq.
 77852 | Pan      | Noticed Gloorx Vloq
 77887 | Pan      | Killed Gloorx Vloq
 77903 | Pan      | Got a dark rune of Zot
 78059 | Pan      | Found an exit through the horrors of the Abyss.
 78097 | Pan      | Took an exit into the Abyss.
 78097 | Abyss:1  | Escaped into the Abyss
 78149 | Depths:4 | Escaped the Abyss
 78218 | Depths:4 | Noticed Xtahua
 78227 | Depths:4 | Killed Xtahua
 78608 | Tomb:1   | Entered Level 1 of the Tomb of the Ancients
 78789 | Tomb:1   | Noticed a greater mummy
 78793 | Tomb:1   | Noticed a greater mummy
 78799 | Tomb:1   | Killed a greater mummy
 78807 | Tomb:1   | Killed a greater mummy
 79266 | Vaults:5 | Bought 2 potions of lignification for 132 gold pieces
 79266 | Vaults:5 | Bought a potion of lignification for 66 gold pieces
 79266 | Vaults:5 | Bought a potion of haste for 220 gold pieces
 79636 | Tomb:2   | Noticed a greater mummy
 79639 | Tomb:2   | Noticed an ancient lich
 79673 | Tomb:2   | Killed an ancient lich
 79675 | Tomb:2   | Killed a greater mummy
 79942 | Tomb:2   | Noticed a greater mummy
 79965 | Tomb:2   | Killed a greater mummy
 80147 | Tomb:2   | Noticed a greater mummy
 80156 | Tomb:2   | Killed a greater mummy
 80849 | Vaults:5 | Bought a scroll of magic mapping for 63 gold pieces
 81389 | Tomb:3   | Entered Level 3 of the Tomb of the Ancients
 81407 | Tomb:3   | Noticed a greater mummy
 81413 | Tomb:3   | Noticed a greater mummy
 81418 | Tomb:3   | Noticed Jory
 81431 | Tomb:2   | Killed Jory
 81597 | Tomb:3   | Noticed a greater mummy
 81597 | Tomb:3   | Noticed a greater mummy
 81599 | Tomb:3   | Killed a greater mummy
 82289 | Zig:1    | Entered Level 1 of a ziggurat
 82315 | Zig:2    | Entered Level 2 of a ziggurat
 82343 | Zig:3    | Entered Level 3 of a ziggurat
 82377 | Zig:4    | Entered Level 4 of a ziggurat
 82469 | Zig:5    | Entered Level 5 of a ziggurat
 82531 | Zig:6    | Entered Level 6 of a ziggurat
 82571 | Zig:6    | Got a brightly glowing bone ring
 82592 | Zig:6    | Identified the Papyrus of Venomous Flames
 82603 | Zig:6    | Identified the ring "Zeshaa" {+Fly rC+ Str+2} (You found it on level 6 of a ziggurat)
 82610 | Zig:7    | Entered Level 7 of a ziggurat
 82724 | Zig:8    | Entered Level 8 of a ziggurat
 82785 | Zig:8    | Got a scorched lead ring
 82787 | Zig:8    | Got a glittering bone ring
 82812 | Zig:8    | Identified the ring "Elommitsuy" {rPois Stlth-} (You found it on level 8 of a ziggurat)
 82813 | Zig:8    | Identified the ring of Psychosis {rCorr rElec rN+ Int+4} (You found it on level 8 of a ziggurat)
 82832 | Zig:9    | Entered Level 9 of a ziggurat
 82933 | Zig:10   | Entered Level 10 of a ziggurat
 83090 | Zig:10   | Got a shimmering lapis lazuli ring
 83091 | Zig:10   | Identified the ring "Igga Pac" {*Tele +Blink rN+ Dex+4} (You found it on level 10 of a ziggurat)
 83139 | Zig:10   | Learned a level 6 spell: Statue Form
 83150 | Zig:11   | Entered Level 11 of a ziggurat
 83156 | Zig:11   | Noticed an ancient lich
 83160 | Zig:11   | Noticed an ancient lich
 83174 | Zig:11   | Reached skill level 1 in Transmutations
 83178 | Zig:11   | Killed an ancient lich
 83187 | Zig:11   | Killed an ancient lich
 83226 | Zig:12   | Entered Level 12 of a ziggurat
 83276 | Zig:12   | Reached skill level 5 in Transmutations
 83311 | Zig:12   | Got a crude bone ring
 83314 | Zig:12   | Got a smoking ivory ring
 83316 | Zig:12   | Identified the ring of Foolhardiness {Ice rElec Str+5 Dex-5 Stlth-} (You found it on level 12 of a ziggurat)
 83318 | Zig:12   | Identified the ring "Ycsahouth" {rN+ Int+5} (You found it on level 12 of a ziggurat)
 83341 | Zig:13   | Entered Level 13 of a ziggurat
 83368 | Zig:13   | Reached skill level 10 in Earth Magic
 83432 | Zig:13   | Found the +8 longbow "Zephyr" {speed, Dex+3 SInv}
 83464 | Zig:13   | Identified Sif Muna's Guide on Flight and Evil
 83494 | Zig:13   | Got a steaming graven amulet
 83498 | Zig:13   | Identified the amulet of Muxy {Harm *Contam *Drain +Blink rN+} (You found it on level 13 of a ziggurat)
 83509 | Zig:14   | Entered Level 14 of a ziggurat
 83548 | Zig:14   | Noticed an ancient lich
 83556 | Zig:14   | Killed an ancient lich
 83610 | Zig:14   | Identified the Catalogue of Clay and Sinister Magic
 83646 | Zig:14   | Got a scintillating tin ring
 83647 | Zig:14   | Identified the ring of Kumpaozy {Ice MR+} (You found it on level 14 of a ziggurat)
 84273 | Tomb:1   | Noticed a greater mummy
 84293 | Tomb:1   | Killed a greater mummy
 84297 | Tomb:1   | Noticed a greater mummy
 84314 | Tomb:1   | Killed a greater mummy
 84328 | Tomb:1   | Noticed a greater mummy
 84336 | Tomb:1   | Noticed a greater mummy
 84336 | Tomb:1   | Killed a greater mummy
 84354 | Tomb:1   | Killed a greater mummy
 84446 | Tomb:1   | Noticed a greater mummy
 84456 | Tomb:1   | Killed a greater mummy
 84470 | Tomb:1   | Noticed a greater mummy
 84478 | Tomb:1   | Killed a greater mummy
 84725 | Tomb:1   | Noticed a greater mummy
 84737 | Tomb:1   | Killed a greater mummy
 84784 | Tomb:1   | Noticed a greater mummy
 84818 | Tomb:1   | Killed a greater mummy
 84818 | Tomb:1   | Reached skill level 10 in Transmutations
 84906 | Tomb:1   | Noticed a greater mummy
 84961 | Tomb:1   | Killed a greater mummy
 85114 | Tomb:1   | Noticed a greater mummy
 85124 | Tomb:1   | Killed a greater mummy
 85206 | Tomb:1   | Noticed a greater mummy
 85224 | Tomb:1   | Killed a greater mummy
 85369 | Tomb:1   | Noticed a greater mummy
 85400 | Tomb:1   | Killed a greater mummy
 85424 | Tomb:1   | Noticed a greater mummy
 85424 | Tomb:1   | Noticed a greater mummy
 85469 | Tomb:1   | Killed a greater mummy
 85474 | Tomb:1   | HP: 10/273 [greater mummy (12)]
 85477 | Tomb:1   | Killed a greater mummy
 85674 | Tomb:1   | Noticed a greater mummy
 85686 | Tomb:1   | Killed a greater mummy
 85842 | Tomb:3   | Noticed a greater mummy
 85852 | Tomb:3   | Killed a greater mummy
 85896 | Tomb:3   | HP: 10/272 [ushabti] (12)]
 85897 | Tomb:3   | Noticed a greater mummy
 85902 | Tomb:3   | HP: 19/409 [emperor scorpion[a greater mummy] (2)]
 85903 | Tomb:3   | HP: 9/409 [greater mummy (10)]
 85904 | Tomb:3   | Slain by an emperor scorpion

Skill      XL: |  1  2  3  4  5  6  7  8  9 10 11 12 13 14 15 16 17 18 19 20 21 22 23 24 25 26 27 |
---------------+----------------------------------------------------------------------------------+-----
Axes           | 4 5 6 8 12 15 17 18 19 20 21 22 23 24 25 27 | 27.0
Fighting       | 4 5 6 7 8 11 14 15 16 17 18 19 20 21 22 23 27 | 27.0
Armour         | 3 4 5 6 7 10 11 13 14 16 17 18 19 20 21 25 27 | 27.0
Dodging        | 3 4 5 6 9 11 12 13 15 16 18 19 21 27 | 27.0
Spellcasting   | 2 3 21 | 21.2
Evocations     | 3 10 | 10.2
Invocations    | 1 10 15 | 15.0
Translocations | 2 21 | 21.9
Unarmed Combat | 4 |  4.4
Charms         | 10 | 10.9
Air Magic      | 11 | 11.7
Earth Magic    | 13 | 13.6
Transmutations | 11 | 11.2

Action                   |  1- 3 |  4- 6 |  7- 9 | 10-12 | 13-15 | 16-18 | 19-21 | 22-24 | 25-27 || total
-------------------------+-------+-------+-------+-------+-------+-------+-------+-------+-------++-------
Melee: Hand axe          |    60 |   144 |    23 |       |       |       |       |       |       ||   227
       Headbutt          |    11 |    35 |    50 |    98 |   249 |   329 |   273 |   445 |  2457 ||  3947
       War axe           |       |       |   127 |       |       |       |       |       |       ||   127
       Battleaxe         |       |       |    88 |   455 |   452 |       |       |       |       ||   995
       Bite              |       |       |     2 |    54 |   144 |   197 |   141 |   252 |  1048 ||  1838
       Executioner's axe |       |       |       |       |   459 |  1225 |   894 |  1384 |  8182 || 12144
       Peck              |       |       |       |       |       |       |       |       |   422 ||   422
Throw: Javelin           |       |       |       |       |       |       |       |       |     2 ||     2
 Cast: Blink             |       |       |       |       |       |       |       |       |    12 ||    12
       Song of Slaying   |       |       |       |       |       |       |       |       |     4 ||     4
       Passage of Golubr |       |       |       |       |       |       |       |       |     3 ||     3
       Swiftness         |       |       |       |       |       |       |       |       |     1 ||     1
       Portal Projectile |       |       |       |       |       |       |       |       |     1 ||     1
Invok: Berserk           |     1 |     3 |     6 |     3 |     3 |     6 |     2 |     3 |       ||    27
       Trog's Hand       |       |     7 |     4 |     7 |    17 |    59 |    24 |     7 |     8 ||   133
       Burn Spellbooks   |       |       |     1 |     3 |     3 |     5 |     4 |     3 |       ||    19
       Brothers in Arms  |       |       |       |     1 |     1 |     4 |     5 |     2 |     3 ||    16
       Cleansing Flame   |       |       |       |       |       |       |       |       |    40 ||    40
       Summon Divine War |       |       |       |       |       |       |       |       |    36 ||    36
       Divine Shield     |       |       |       |       |       |       |       |       |    17 ||    17
 Abil: Evoke Blink       |       |       |       |       |       |       |       |       |     3 ||     3
Evoke: Wand              |       |       |       |     6 |     7 |    20 |     5 |     7 |    14 ||    59
  Use: Scroll            |       |     5 |     9 |     2 |    19 |     7 |    14 |    17 |    76 ||   149
       Potion            |       |     2 |     2 |       |     4 |     5 |    12 |     6 |    52 ||    83
 Stab: Paralysed         |       |       |       |       |     3 |       |       |       |     1 ||     4
       Invisible         |       |       |       |       |       |     8 |     4 |       |       ||    12
       Held in net/web   |       |       |       |       |       |     1 |       |       |       ||     1
       Confused          |       |       |       |       |       |     2 |       |       |       ||     2
       Distracted        |       |       |       |       |       |       |       |       |     1 ||     1
       Petrifying        |       |       |       |       |       |       |       |       |     1 ||     1
  Eat: Chunk             |       |    11 |    17 |    16 |    23 |     9 |       |    10 |    11 ||    97
       Ration            |       |       |       |     4 |     5 |    15 |    10 |     7 |    47 ||    88
Armor: Animal skin       |     3 |       |       |       |       |       |       |       |       ||     3
       Ring mail         |    23 |    35 |    36 |       |       |       |       |       |       ||    94
       Plate armour      |       |       |    59 |   252 |   509 |    90 |       |       |       ||   910
       Scale mail        |       |       |       |       |       |   596 |   226 |       |       ||   822
       Fire dragon scale |       |       |       |       |       |     5 |    59 |       |       ||    64
       Gold dragon scale |       |       |       |       |       |       |   193 |   405 |  2921 ||  3519
       Skin              |       |       |       |       |       |       |       |       |    58 ||    58
Dodge: Dodged            |    27 |    97 |   152 |   175 |   469 |  1078 |   597 |   660 |  4069 ||  7324
Block: Other             |       |       |       |       |       |       |       |    56 |  1636 ||  1692
       Reflection        |       |       |       |       |       |       |       |    10 |    40 ||    50
